[Event "*** Titled Tuesday Blitz"]
[Site "Chess.com"]
[Date "2021.03.02"]
[Round "5"]
[White "bogcsab"]
[Black "CM_rui"]
[Result "0-1"]
[WhiteElo "2154"]
[BlackElo "2354"]
[TimeControl "180+1"]
[EndTime "10:55:07 PST"]
[Termination "CM_rui won by checkmate"]

1. d4 Nf6 2. c4 e6 3. Nc3 Bb4 4.
Bd2 O-O 5. Nf3 d6 6. e3 Nbd7 7. Bd3 e5 8. e4 exd4 9. Nxd4 Ne5 10. Qe2 Re8 11. f3 Bc5 12. O-O-O Bxd4 13. Bb1 Bb6 14. h3 Nc6 15. Bg5 Be6 16. b3 h6 17. Bh4 Ba5 18. Nd5 Bxd5 19. cxd5 Ne5 20. f4 Ng6 21. Bf2 Nxf4 22. Qf3 Ng6 23. Bd4 Bb6 24. Bc3 Qe7 25. e5 dxe5 26. Rhe1 Nd7 27. Qe4 Qg5+ 28. Kb2 Nc5 29. Qc2 e4 30. Rf1 Nd3+ 31. Ka1 Qxd5 32.
Qe2 Bd4 33. Rxd3 exd3 34. Qxd3 Bxc3+ 35. Qxc3 Qe5 36. Rc1 Qxc3+ 37. Rxc3 Re2 38. g4 Rd8 39. Rc1 Rdd2 40. h4 Ne5 41. Rxc7 Nd3 42. Rc8+ Kh7 43. Rd8 Re1 44. h5 Rdd1 45. a4 Rxb1+ 46. Ka2 Rb2+ 47.
Ka3 Ra1# 0-1

[Event "*** Titled Tuesday Blitz"]
[Site "Chess.com"]
[Date "2021.03.02"]
[Round "5"]
[White "Onischuk_V"]
[Black "NateSolon"]
[Result "1-0"]
[WhiteElo "2820"]
[BlackElo "2590"]
[TimeControl "180+1"]
[EndTime "10:55:09 PST"]
[Termination "Onischuk_V won on time"]

1. Nf3 d5 2. g3 Nf6 3. Bg2 e6 4. O-O Be7 5. d3 O-O 6. Nbd2 c5 7. e4 Nc6 8. Re1 b5 9. e5 Nd7 10. Nf1 Bb7 11. h4 Qc7 12. Bf4 Rfc8 13. Ne3 Qd8 14. h5 h6 15. Ng4 Bf8 16. Qd2 Ne7 17. Ngh2 b4 18. g4 a5 19. g5 Kh7 20. Bh3 Ra6 21.
Ng4 d4 22. Re4 Nf5 23. Kh2 c4 24. Rg1 Nc5 25. Qe2 Bxe4 26. dxe4 d3 27. cxd3 cxd3 28. Qe1 Nd4 29. Nxd4 Qxd4 30. gxh6 Nxe4 31. Be3 Qxb2 32. Qf1 Rc2 33. Qxd3 Kh8 34. Qxe4 Rac6 35. hxg7+ Bxg7 36. h6 1-0

[Event "*** Titled Tuesday Blitz"]
[Site "Chess.com"]
[Date "2021.03.02"]
[Round "5"]
[White "Forantes"]
[Black "louis198"]
[Result "1-0"]
[WhiteElo "2435"]
[BlackElo "2622"]
[TimeControl "180+1"]
[EndTime "10:55:09 PST"]
[Termination "Forantes won by resignation"]

1. Nf3 e6 2. g3 d5 3. Bg2 g6 4. O-O Bg7 5. d4 Ne7 6. c4 O-O 7. Qb3 Nbc6 8. cxd5 exd5 9. Rd1 Nf5 10. e3 Nce7 11. Nc3 c6 12. Qc2 Nd6 13. b3 Re8 14.
Ba3 Nef5 15. Rac1 h5 16. h4 Bh6 17. Ne5 Kg7 18. Re1 f6 19. Nd3 Nxe3 20. fxe3 Nf5 21.
Nf4 Bxf4 22. exf4 Nxg3 23. Qf2 Nf5 24. Rxe8 Qxe8 25. Re1 Qd8 26. Bh3 Qb6 27. Bxf5 Bxf5 28. Re7+ Kg8 29. Qe3 Qa5 30. Re8+ Rxe8 31. Qxe8+ Kh7 32.
Qf7+ Kh8 33. Qxf6+ Kg8 34. Qf8+ Kh7 35. Qf7+ Kh8 36. Bf8 1-0

[Event "*** Titled Tuesday Blitz"]
[Site "Chess.com"]
[Date "2021.03.02"]
[Round "5"]
[White "Trovita84"]
[Black "cukin84"]
[Result "1-0"]
[WhiteElo "2056"]
[BlackElo "2141"]
[TimeControl "180+1"]
[EndTime "10:55:09 PST"]
[Termination "Trovita84 won by resignation"]

1. e4 c6 2. d4 d5 3. exd5 cxd5 4. Nf3 Nc6 5. c3 Bg4 6. Bd3 e6 7. Bf4 Nf6 8. Nbd2 Bd6 9. Bxd6 Qxd6 10. h3 Bh5 11. O-O Rb8 12. Re1 O-O 13. a4 a6 14.
Qb3 Bg6 15. Bxg6 hxg6 16. Ne5 b5 17. axb5 axb5 18. Ra6 Rfc8 19. Rea1 Nd7 20. Ndf3 Nb6 21. Qxb5 Qc7 22. Qd3 Nxe5 23. Nxe5 Nc4 24. Ra7 Nxe5 25. Qe2 Qb6 26. Qxe5 Qxb2 27. R1a3 Qc1+ 28. Kh2 Rb1 29. Rxf7 Qh6 30. Qxe6 Kh7 31. Qxc8 Qc1 32. Raa7 Qg1+ 33. Kg3 Qxf2+ 34. Kxf2 Rb2+ 35. Kg3 1-0

[Event "*** Titled Tuesday Blitz"]
[Site "Chess.com"]
[Date "2021.03.02"]
[Round "5"]
[White "Astaneh"]
[Black "TigrVShlyape"]
[Result "0-1"]
[WhiteElo "2638"]
[BlackElo "2904"]
[TimeControl "180+1"]
[EndTime "10:55:10 PST"]
[Termination "TigrVShlyape won by resignation"]

1. d4 d5 2. Bf4 Bf5 3. e3 e6 4. c4 Bd6 5. Bxd6 Qxd6 6. Nc3 c6 7. Qb3 Qc7 8. Rc1 Qb6 9. Nf3 Nd7 10. Qa3 Ngf6 11.
Be2 a5 12. O-O Qb4 13. Nh4 dxc4 14. Nxf5 exf5 15. Bf3 Nb6 16. Nb1 O-O 17. Qc3 Qxc3 18. Rxc3 Nfd5 19. Rcc1 a4 20. Na3 Ra5 21. Nxc4 Nxc4 22.
Rxc4 Rfa8 23. Rfc1 Rb5 24. a3 g6 25. R1c2 Ra6 26. Be2 Rab6 27. Rxa4 Rxb2 28. Rxb2 Rxb2 29. Bf1 Rb1 30. Ra8+ Kg7 31. g3 Nc3 32. Kg2 Rb2 33. Bd3 Nd1 34. Kf1 Nxf2 35. Bc4 Ng4 36. Kg1 Nxe3 0-1

[Event "*** Titled Tuesday Blitz"]
[Site "Chess.com"]
[Date "2021.03.02"]
[Round "5"]
[White "volunteers1998"]
[Black "Snowflake"]
[Result "0-1"]
[WhiteElo "2158"]
[BlackElo "2356"]
[TimeControl "180+1"]
[EndTime "10:55:10 PST"]
[Termination "Snowflake won on time"]

1. e4 e6 2. Nf3 d5 3. Nc3 dxe4 4.
Nxe4 Bd7 5. d4 Bc6 6. Bd3 Nd7 7.
O-O Ngf6 8. Re1 Be7 9. Nxf6+ gxf6 10. c3 h5 11. Bf4 h4 12. h3 f5 13. a4 Rg8 14. b4 b6 15. Qe2 Nf6 16. Bb5 Qd5 17. Bxc6+ Qxc6 18. Qb5 Qxb5 19. axb5 Nd5 20. Bd2 Bd6 21.
Ne5 Bxe5 22. Rxe5 Kd7 23. c4 Nf6 24. f3 Ne8 25. d5 Nd6 26. c5 Nc4 27. dxe6+ fxe6 28. Re2 Nxd2 29. Rxd2+ Ke7 30. c6 Rgd8 31. Rxd8 Rxd8 32.
Rxa7 Rd1+ 33. Kf2 Kd6 34. Ra8 Rb1 35. Rd8+ Ke5 36. Rd7 Rb2+ 37. Ke3 Rb3+ 38. Kd2 Rxb4 39. Rxc7 Rxb5 40. Rb7 Rd5+ 41. Ke3 b5 42. c7 f4+ 43.
Ke2 Rc5 0-1

[Event "*** Titled Tuesday Blitz"]
[Site "Chess.com"]
[Date "2021.03.02"]
[Round "5"]
[White "PSvidler"]
[Black "Zkid"]
[Result "0-1"]
[WhiteElo "2913"]
[BlackElo "2830"]
[TimeControl "180+1"]
[EndTime "10:55:12 PST"]
[Termination "Zkid won by resignation"]

1. e4 c5 2. Nf3 Nc6 3. Bb5 g6 4. Bxc6 bxc6 5. O-O Bg7 6. Re1 Qc7 7. c3 d6 8. d4 cxd4 9. cxd4 Bg4 10. Be3 Nf6 11.
Nbd2 O-O 12. Qc2 Rfc8 13. h3 Bxf3 14. Nxf3 d5 15. e5 Nd7 16. Rac1 e6 17. Qd2 c5 18. Bh6 Qd8 19. Bxg7 Kxg7 20. Qf4 cxd4 21. Nxd4 Rxc1 22. Rxc1 Rc8 23. Rxc8 Qxc8 24. Qe3 Qc4 25. a3 Qc7 26. f4 Nb6 27. b3 h5 28. Kh2 Qe7 29. Qg3 Kf8 30. a4 Qb4 31. Qe3 Nd7 32. Nc6 Qc5 33. Qxc5+ Nxc5 34. Nxa7 Nxb3 35. Nc6 Ke8 36. Kg3 Kd7 37.
Nb4 Kc7 38. Nc2 d4 39. Ne1 Nc5 40. a5 d3 41. Nf3 Ne4+ 42. Kh4 Kb7 43. g4 hxg4 44.
hxg4 Ka6 45. f5 gxf5 46. gxf5 exf5 47. Kh5 Kxa5 48. Kh6 Kb6 49. Kg7 d2 50. Nxd2 Nxd2 51. Kxf7 f4 52. e6 Ne4 53. e7 Nd6+ 54. Ke6 Kc6 0-1

[Event "*** Titled Tuesday Blitz"]
[Site "Chess.com"]
[Date "2021.03.02"]
[Round "5"]
[White "Chesspirate_Channel"]
[Black "Hypercar"]
[Result "1-0"]
[WhiteElo "2361"]
[BlackElo "2507"]
[TimeControl "180+1"]
[EndTime "10:55:12 PST"]
[Termination "Chesspirate_Channel won by checkmate"]

1. d4 Nf6 2. Nc3 d5 3. Bg5 Bf5 4. g4 Bxg4 5. Bg2 c6 6. f3 Bh5 7. Nh3 h6 8. Bf4 e6 9. a3 g5 10. Be5 Nbd7 11. f4 Nxe5 12. fxe5 Ng4 13. Qd2 f5 14.
O-O-O f4 15. Bf3 Kd7 16. Rhg1 Ne3 17. Bxh5 Nxd1 18. Rxd1 Be7 19. Nf2 Qf8 20. h3 b5 21. Nd3 a5 22. Nc5+ Bxc5 23. dxc5 Kc7 24. Ne4 Qf5 25. Nd6 Qxe5 26. Nf7 Qf6 27. Nxh8 Rxh8 28.
Qxa5+ Kd7 29. Qa7+ Kc8 30. Qa6+ Kd8 31. Qxc6 Qe5 32. Bg4 Rh7 33. Bxe6 Ke7 34. Qb7+ Kxe6 35. Qxh7 Qe3+ 36. Kb1 Qxe2 37. Qxh6+ Kf5 38. Qh7+ Kf6 39. Qd3 Qe6 40. Qd4+ Kg6 41. Qxd5 Qxh3 42. c6 f3 43. Qd7 Qg2 44. c7 f2 45. c8=Q f1=Q 46. Rxf1 Qxf1+ 47. Ka2 Qc4+ 48. Qxc4 bxc4 49. Qc6+ Kh5 50. Qxc4 g4 51.
Qf1 Kh4 52. Qg1 g3 53. c4 Kg4 54. b4 Kf3 55. Kb3 g2 56. c5 Kg3 57. Kc4 Kf4 58.
b5 Ke5 59. a4 Kf6 60. a5 Ke7 61. c6 Kd8 62. Qxg2 Kc8 63. Qg7 Kb8 64. Qb7# 1-0

[Event "*** Titled Tuesday Blitz"]
[Site "Chess.com"]
[Date "2021.03.02"]
[Round "5"]
[White "Fiona"]
[Black "Enriquack"]
[Result "0-1"]
[WhiteElo "2259"]
[BlackElo "2451"]
[TimeControl "180+1"]
[EndTime "10:55:12 PST"]
[Termination "Enriquack won by resignation"]

1. e4 c5 2. Nc3 e6 3. f4 a6 4. Nf3 Nc6 5. d3 Qc7 6. g3 b6 7. Bg2 Bb7 8. O-O Be7 9. Ng5 h5 10. f5 f6 11. Nf3 Nh6 12. Nh4 Ng4 13. Ng6 Rh7 14. Bh3 Nce5 15. Nxe5 Qxe5 16. Bxg4 hxg4 17.
Qxg4 O-O-O 18. Be3 Rdh8 19. Rf2 d5 20. fxe6 dxe4 21.
Nxe4 Qxb2 22. Raf1 Qxa2 23. Bf4 Qd5 24. Be3 a5 25.
Rd1 a4 26. c4 Qc6 27. Ra1 Kd8 28. Qd1 Qxe6 29. Rxa4 Kc7 30. Ra7 Ra8 31. Qa4 Rxa7 32. Qxa7 Rh8 33. Rb2 Ra8 34. Qxb6+ Qxb6 35. Rxb6 Kxb6 36.
d4 Bxe4 0-1

[Event "*** Titled Tuesday Blitz"]
[Site "Chess.com"]
[Date "2021.03.02"]
[Round "5"]
[White "beto-betun"]
[Black "delphin11"]
[Result "1-0"]
[WhiteElo "2208"]
[BlackElo "2546"]
[TimeControl "180+1"]
[EndTime "10:55:12 PST"]
[Termination "beto-betun won on time"]

1. d4 Nf6 2. Nf3 g6 3. g3 Bg7 4. Bg2 O-O 5. O-O d6 6. c4 Nbd7 7. b3 e5 8. Bb2 e4 9. Ng5 e3 10. f3 Re8 11. Nh3 h5 12. Nc3 c6 13. Qc2 Nf8 14.
Rad1 Bf5 15. Qc1 Qd7 16. Nf4 g5 17. Nd3 Bh3 18. d5 Bxg2 19. Kxg2 c5 20. Qa1 Ng6 21. Ne4 Nxe4 22. Bxg7 Nd2 23. Bh6 f5 24. Qf6 Qf7 25. Qxg5 Nxf1 26. Rxf1 Rad8 27. Nf4 Kh7 28. Nxh5 Rf8 29.
Bxf8 Rxf8 30. Nf4 Nxf4+ 31. Qxf4 Qe7 32. Rd1 Kg6 33. Rd3 Re8 34. h4 Qe5 35. Qg5+ Kf7 36. h5 Qb2 37. Qxf5+ 1-0

[Event "*** Titled Tuesday Blitz"]
[Site "Chess.com"]
[Date "2021.03.02"]
[Round "5"]
[White "AlexTriapishko"]
[Black "Shuvalov"]
[Result "1-0"]
[WhiteElo "2798"]
[BlackElo "2537"]
[TimeControl "180+1"]
[EndTime "10:55:15 PST"]
[Termination "AlexTriapishko won by resignation"]

1. e4 e6 2. Nc3 d5 3. Nf3 Bb4 4. Qe2 Ne7 5. a3 Ba5 6. b4 Bb6 7.
Na4 O-O 8. Bb2 Bd7 9. Nxb6 axb6 10. d3 c5 11. g3 Na6 12. Bg2 cxb4 13. O-O bxa3 14. Rxa3 Nc5 15. exd5 Rxa3 16. Bxa3 exd5 17. Nd4 Re8 18. Qd2 Nc6 19. Bb2 Nxd4 20. Bxd4 Ne6 21. Ba1 Bc6 22. f4 d4 23. f5 Ng5 24. h4 Re3 25. hxg5 Rxg3 26. Rf2 Rxg5 27. Qf4 h5 28. Qxd4 Qe8 29. Qe5 Qa8 30. Kh2 Qa2 31. Qb2 Qa4 32.
Qd4 Qa2 33. Qd8+ Kh7 34. Qxg5 Qxa1 35. Qxh5+ Kg8 36. Bxc6 bxc6 37. f6 gxf6 38. Rg2+ Kf8 39. Qh8+ Ke7 40. Re2+ Kd6 41. Qf8+ Kd5 42. c4+ Kd4 43.
Qd6+ Kc3 44. Qxf6+ Kxd3 45. Qxa1 Kxe2 46. Qd4 1-0

[Event "*** Titled Tuesday Blitz"]
[Site "Chess.com"]
[Date "2021.03.02"]
[Round "5"]
[White "DenishevM"]
[Black "Gabix_94"]
[Result "1/2-1/2"]
[WhiteElo "2633"]
[BlackElo "2811"]
[TimeControl "180+1"]
[EndTime "10:55:16 PST"]
[Termination "Game drawn by repetition"]

1. Nf3 d5 2. e3 Nf6 3. b3 g6 4.
Bb2 Bg7 5. c4 c6 6. Be2 O-O 7.
O-O e6 8. Qc2 Nbd7 9. d3 b6 10.
b4 Bb7 11. Nbd2 Rc8 12. Qa4 a6 13. Rac1 b5 14. Qb3 Qe7 15. a3 Rfe8 16. Ne5 Nb6 17.
Bd4 Na4 18. c5 Rf8 19. f4 Ne8 20. Rce1 f6 21. Nef3 Nc7 22. Ba1 Kh8 23. Kh1 Rce8 24. Bd1 e5 25. Qb1 Bc8 26. Bc2 Qd8 27. Qd1 a5 28.
bxa5 Nxc5 29. fxe5 fxe5 30. Nxe5 Rxf1+ 31. Nxf1 Bxe5 32. Bxe5+ Rxe5 33. d4 Re8 34. dxc5 Qe7 35. Ng3 Qxc5 36. e4 d4 37. Bd3 Ne6 38. e5 Nf4 39. Qf3 Nxd3 40. Qxd3 Rxe5 41. Rf1 Qc4 42. Qf3 Re8 43. Qf6+ Kg8 44. Nh5 gxh5 45. Qg5+ Kh8 46. Qf6+ Kg8 47. Qg5+ Kh8 48. Qf6+ Kg8 1/2-1/2

[Event "*** Titled Tuesday Blitz"]
[Site "Chess.com"]
[Date "2021.03.02"]
[Round "5"]
[White "HajiyevKanan"]
[Black "swisspower96"]
[Result "0-1"]
[WhiteElo "2431"]
[BlackElo "2672"]
[TimeControl "180+1"]
[EndTime "10:55:16 PST"]
[Termination "swisspower96 won by resignation"]

1. d4 Nf6 2. Nf3 d5 3. c4 e6 4.
cxd5 exd5 5. Bg5 Bb4+ 6. Nc3 O-O 7. e3 c6 8. Bd3 Bg4 9. O-O Nbd7 10. Qc2 h6 11. Bh4 Bd6 12. Rab1 Qc7 13. Bg3 a5 14. Nb5 cxb5 15. Qxc7 Bxc7 16. Bxc7 Rfc8 17. Bg3 b4 18. Rfc1 Ne4 19. Bxe4 dxe4 20. Nd2 Be6 21. b3 f5 22. f3 exf3 23. gxf3 Rc3 24. Kf2 b5 25. e4 Rac8 26. Rd1 fxe4 27. fxe4 Nf6 28. Be5 Ng4+ 29. Kg1 Rc2 30.
Bf4 Rf8 31. Rf1 Rxa2 32. d5 Bf7 33. h3 Nf6 34. Bd6 Re8 35. Nf3 Nxe4 36. Bh2 Bxd5 37. Rbe1 Bxb3 38. Re3 Bc4 39. Rfe1 b3 40. Rxe4 Rxe4 41.
Rxe4 b2 42. Re1 Ra1 43. Bf4 Rxe1+ 44. Nxe1 0-1

[Event "*** Titled Tuesday Blitz"]
[Site "Chess.com"]
[Date "2021.03.02"]
[Round "5"]
[White "lagedema"]
[Black "PavelShkapenko"]
[Result "1-0"]
[WhiteElo "2526"]
[BlackElo "2682"]
[TimeControl "180+1"]
[EndTime "10:55:17 PST"]
[Termination "lagedema won by resignation"]

1. e4 e5 2. Nf3 Nc6 3. Bc4 d6 4. O-O Be7 5. a4 Nf6 6. Re1 O-O 7. d3 Bg4 8. a5 a6 9. h3 Bxf3 10. Qxf3 Nd7 11. c3 Bg5 12. Nd2 Nc5 13. b4 Ne6 14. g3 Qe7 15. h4 Bh6 16. Bd5 Kh8 17. Qg4 Rae8 18. Nc4 Bxc1 19. Raxc1 Ncd8 20. Ne3 g6 21. h5 Qg5 22. Qxg5 Nxg5 23. Kg2 Kg7 24.
Rh1 Rh8 25. f4 exf4 26. gxf4 Nge6 27. Kf3 g5 28. h6+ Kf8 29. f5 Nf4 30. Rcd1 f6 31. Bb3 Nc6 32. d4 Ke7 33. Nd5+ Nxd5 34. exd5 Nd8 35.
Ba4 Ref8 36. Rde1+ Kf7 37. Kg4 c6 38. dxc6 bxc6 39.
d5 cxd5 40. Bd7 Rhg8 41. Re2 d4 42. cxd4 Nb7 43. Be6+ 1-0

[Event "*** Titled Tuesday Blitz"]
[Site "Chess.com"]
[Date "2021.03.02"]
[Round "5"]
[White "zajka-molotok"]
[Black "Ginger_GM"]
[Result "0-1"]
[WhiteElo "2478"]
[BlackElo "2638"]
[TimeControl "180+1"]
[EndTime "10:55:19 PST"]
[Termination "Ginger_GM won on time"]

1. b4 e5 2. Bb2 e4 3. e3 Nf6 4. b5 d5 5. c4 c6 6. a4 Bd6 7. d4 O-O 8. Nc3 Re8 9. Qb3 Ng4 10.
cxd5 Qh4 11. g3 Qf6 12. Nh3 Qf3 13. Rg1 Nxh2 14. dxc6 bxc6 15. Nf4 Ng4 16. Nd1 Bxf4 17.
gxf4 Be6 18. Qc2 cxb5 19. Bg2 Nh2 20. Bxf3 Nxf3+ 21. Kf1 Bh3+ 22. Rg2 Bxg2+ 23. Ke2 Nd7 24. Nc3 Nf6 25. axb5 Rac8 26. Rxa7 Nd5 27. Qb3 Nxf4+ 28. Kd1 Ne6 29. Nxe4 Nfxd4 30. Bxd4 Bxe4 31. Ke1 h5 32. Ra1 h4 33. Be5 Bf3 34. b6 Nc5 35. Qc4 Rxe5 0-1

[Event "*** Titled Tuesday Blitz"]
[Site "Chess.com"]
[Date "2021.03.02"]
[Round "5"]
[White "andrzej"]
[Black "Ekose"]
[Result "0-1"]
[WhiteElo "2346"]
[BlackElo "2534"]
[TimeControl "180+1"]
[EndTime "10:55:19 PST"]
[Termination "Ekose won by resignation"]

1. e4 e6 2. d4 d5 3. Bd3 dxe4 4. Bxe4 Nf6 5. Bf3 c5 6. Ne2 Nc6 7. Be3 e5 8. Bxc6+ bxc6 9. dxe5 Qxd1+ 10. Kxd1 Ng4 11.
Nd2 Be6 12. Ne4 O-O-O+ 13. Kc1 Nxe3 14. fxe3 h6 15. a4 Rd5 16. Nd6+ Bxd6 17. exd6 Rxd6 18. Ra3 Rhd8 19. Rc3 Bg4 20. Nd4 cxd4 21. exd4 Kc7 22. Rf1 f6 23. h3 Bh5 24. g4 Bf7 25. b3 Rxd4 26. Kb2 Rd2 27. Rf5 R8d5 28. Rf4 Kd6 29. Rfc4 c5 30. b4 cxb4 31. Rc6+ Ke5 32. Re3+ Kf4 33.
Re7 Rd7 34. Re1 b3 35. Rc3 Rxc2+ 36. Rxc2 bxc2 37. Kxc2 Kg3 38. Re3+ Kh4 39. Rc3 Rd4 40. a5 Rc4 41. Rxc4 Bxc4 42. Kc3 Bb5 0-1

[Event "*** Titled Tuesday Blitz"]
[Site "Chess.com"]
[Date "2021.03.02"]
[Round "5"]
[White "beautroll"]
[Black "Homyakova_Elena"]
[Result "0-1"]
[WhiteElo "2451"]
[BlackElo "2294"]
[TimeControl "180+1"]
[EndTime "10:55:19 PST"]
[Termination "Homyakova_Elena won on time"]

1. e4 c5 2. Nf3 Nc6 3. d4 cxd4 4.
Nxd4 g6 5. c4 Nf6 6. Nc3 d6 7. f3 Nxd4 8. Qxd4 Bg7 9. Be3 O-O 10.
Qd2 Be6 11. Bd3 a5 12. b3 a4 13. b4 Rc8 14. Nxa4 Nxe4 15. fxe4 Bxa1 16. O-O Bg7 17.
Nb6 Rc6 18. Qf2 Bf6 19. a4 Bc3 20. b5 Rc7 21. Nd5 Bxd5 22. exd5 Bg7 23. Bb6 Qc8 24.
a5 Rxc4 25. Bxc4 Qxc4 26. Qd2 Qxb5 27. Re1 Bf6 28. g3 Rc8 29. Rc1 Rxc1+ 30. Qxc1 Qxd5 31. Qc8+ Kg7 32. Qa8 Qd1+ 33. Kg2 Qe2+ 34. Kh3 Qf1+ 0-1

[Event "*** Titled Tuesday Blitz"]
[Site "Chess.com"]
[Date "2021.03.02"]
[Round "5"]
[White "GelmanAlexander"]
[Black "Manukyan_Artak"]
[Result "1-0"]
[WhiteElo "2557"]
[BlackElo "2341"]
[TimeControl "180+1"]
[EndTime "10:55:20 PST"]
[Termination "GelmanAlexander won on time"]

1. d4 Nf6 2. Nc3 d5 3. Bf4 Bf5 4. f3 e6 5. g4 Bg6 6. h4 h5 7. g5 Nfd7 8. e4 Bb4 9. exd5 exd5 10. Qe2+ Qe7 11. Bxc7 Bxc2 12. Qxe7+ Kxe7 13. Rh2 Bf5 14. Re2+ Kf8 15. Kf2 Bxc3 16. bxc3 Nc6 17. Bh3 Bxh3 18. Nxh3 Rc8 19. Bd6+ Kg8 20. Nf4 Nb6 21. a4 g6 22. Bc5 Kg7 23. Bxb6 axb6 24. Nxd5 Na5 25. Rc1 Nc4 26. Rb1 Rc6 27. Re7 Ra8 28. Rb4 Ra7 29. Nc7 Nd6 30. Ne6+ Kg8 31. Nd8 Rxc3 32. Rxb6 1-0

[Event "*** Titled Tuesday Blitz"]
[Site "Chess.com"]
[Date "2021.03.02"]
[Round "5"]
[White "kai_nov"]
[Black "salomez"]
[Result "1-0"]
[WhiteElo "2382"]
[BlackElo "2217"]
[TimeControl "180+1"]
[EndTime "10:55:20 PST"]
[Termination "kai_nov won on time"]

1. d4 Nf6 2. c4 g6 3. f3 d5 4. cxd5 Nxd5 5. e4 Nb6 6. Nc3 Bg7 7. Be3 O-O 8. Qd2 Nc6 9. O-O-O f5 10. e5 Nb4 11.
Nh3 N4d5 12. Nf4 Nxe3 13. Qxe3 a5 14. h4 a4 15. a3 Ra5 16. g3 e6 17. h5 Qe8 18. hxg6 hxg6 19. Nh3 Nd5 20. Nxd5 Rxd5 21. Kb1 c5 22. f4 cxd4 23. Rxd4 Rxd4 24. Qxd4 Qc6 25. Rh2 Bd7 26. Ng5 Rc8 27. Qd2 Be8 28. Bg2 Qb6 29. Rh1 Bc6 30. Bxc6 Qxc6 31. Rd1 Re8 32.
Qd7 Qxd7 33. Rxd7 b5 34. Rb7 Bh6 35. Nf7 1-0

[Event "*** Titled Tuesday Blitz"]
[Site "Chess.com"]
[Date "2021.03.02"]
[Round "5"]
[White "dosto07"]
[Black "SilviusTiberius"]
[Result "0-1"]
[WhiteElo "2331"]
[BlackElo "2518"]
[TimeControl "180+1"]
[EndTime "10:55:22 PST"]
[Termination "SilviusTiberius won on time"]

1. e4 e5 2. Nf3 Nc6 3. Bb5 Nf6 4.
O-O Nxe4 5. Re1 Nd6 6. Nxe5 Be7 7. Bf1 Nxe5 8. Rxe5 O-O 9. Nc3 Ne8 10. Re1 c6 11. d4 d5 12. Bf4 Bd6 13. Qd2 Bxf4 14. Qxf4 Qf6 15. Ne2 Bf5 16. c3 Bd3 17. Qxf6 Nxf6 18. Nf4 Bxf1 19. Kxf1 Rfe8 20. f3 h5 21. h4 g6 22. Kf2 Kf8 23. a4 a5 24. Nd3 Nd7 25.
g4 hxg4 26. fxg4 Nf6 27. Kf3 Ne4 28. Kf4 f6 29. Nc5 Nxc5 30. dxc5 Kf7 31. Rad1 Rh8 32.
Kg3 Rae8 33. b3 Re5 34. Rxe5 fxe5 35. Rf1+ Kg7 36. g5 Rd8 37. Rd1 Rf8 38. Re1 e4 39. Re3 Rf1 40. c4 Kf7 41. cxd5 cxd5 42. Kg2 Rc1 43.
Kg3 Ke6 44. Kf4 Rf1+ 45. Kg4 Ke5 46. Re2 d4 47. c6 bxc6 48. Rc2 d3 49. Rxc6 d2 50.
Rc5+ Ke6 0-1

[Event "*** Titled Tuesday Blitz"]
[Site "Chess.com"]
[Date "2021.03.02"]
[Round "5"]
[White "Niktlt"]
[Black "politeplayer"]
[Result "1-0"]
[WhiteElo "2406"]
[BlackElo "2231"]
[TimeControl "180+1"]
[EndTime "10:55:22 PST"]
[Termination "Niktlt won by checkmate"]

1. c4 Nf6 2. Nc3 c5 3. g3 g6 4. Bg2 Bg7 5. a3 Nc6 6. Nf3 d5 7. cxd5 Nxd5 8. O-O Nxc3 9. bxc3 O-O 10. Rb1 Rb8 11. Qc2 Bf5 12. e4 Be6 13. d3 Qd7 14.
Rd1 Bh3 15. Bh1 Bg4 16. Be3 b6 17. Rd2 f5 18. h3 Bxh3 19. Qb3+ Kh8 20. Ng5 f4 21. Bxf4 Rxf4 22. Nxh3 Qxh3 23. gxf4 Rf8 24. Bg2 Qh4 25. Qe6 Nd8 26. Qh3 Qxf4 27. Rc2 Nf7 28. Qg3 Qf6 29. f4 Nh6 30. Rf1 Qd6 31. Rf3 Bxc3 32.
Qh4 Bd4+ 33. Kh2 Ng8 34. e5 Qc7 35. Rh3 Bxe5 36. Qxh7# 1-0

[Event "*** Titled Tuesday Blitz"]
[Site "Chess.com"]
[Date "2021.03.02"]
[Round "5"]
[White "Thjop"]
[Black "Hongjin"]
[Result "1-0"]
[WhiteElo "2673"]
[BlackElo "2489"]
[TimeControl "180+1"]
[EndTime "10:55:23 PST"]
[Termination "Thjop won by resignation"]

1. e4 c5 2. Nf3 d6 3. g3 g6 4. Bg2 Bg7 5. O-O Nc6 6. d3 e5 7. Nc3 Nge7 8. a4 O-O 9. Nd2 Be6 10. Nc4 d5 11. exd5 Nxd5 12. Ne4 b6 13. Ng5 Bf5 14. a5 b5 15. Ne3 Nxe3 16. Bxe3 Rc8 17. Ne4 Nd4 18.
c3 Ne6 19. a6 Qc7 20. Qb3 Rb8 21. Rfd1 Rfd8 22. h3 c4 23. dxc4 Rxd1+ 24. Rxd1 bxc4 25. Qa4 Nf8 26. Nd6 Be6 27. Nb5 Qe7 28. Nxa7 Bd7 29.
Qxc4 Rxb2 30. Nc6 Qa3 31. Bc5 Qa2 32. Qxa2 Rxa2 33. Nb4 Ra3 34. Bxf8 Bxf8 35. Rxd7 Bxb4 36.
cxb4 Rxa6 37. Bd5 Rf6 38. b5 Kg7 1-0

[Event "*** Titled Tuesday Blitz"]
[Site "Chess.com"]
[Date "2021.03.02"]
[Round "5"]
[White "mikolka1985"]
[Black "c_r_e_e_p_e_r"]
[Result "1-0"]
[WhiteElo "2639"]
[BlackElo "2421"]
[TimeControl "180+1"]
[EndTime "10:55:23 PST"]
[Termination "mikolka1985 won by resignation"]

1. d4 Nf6 2. c4 e6 3. Nf3 b6 4. g3 Ba6 5. Qa4 Bb7 6. Bg2 c5 7. dxc5 Bxc5 8. O-O O-O 9. Nc3 Be7 10. Rd1 a6 11.
Bf4 d6 12. Ng5 Bxg2 13. Kxg2 Nh5 14. Nge4 Nxf4+ 15. gxf4 Qc7 16. Rd3 Nd7 17. Rd2 Qb7 18. Kg1 Nc5 19. Nxc5 bxc5 20. Rad1 Rfd8 21. Qb3 Qc6 22. Qc2 Rab8 23. b3 g6 24. Qe4 Qc7 25.
Qg2 f5 26. Kh1 Bf6 27. Nb1 a5 28. Na3 d5 29. cxd5 Qxf4 30. e3 Qb4 31. Nc4 e5 32. e4 f4 33. Qg4 a4 34. Rd3 axb3 35. axb3 Kg7 36. d6 Ra8 37. d7 Qb5 38. Qe6 Ra6 39. Nd6 Qc6 40. Ne8+ Rxe8 41. Qxc6 Rxc6 42. dxe8=Q 1-0

[Event "*** Titled Tuesday Blitz"]
[Site "Chess.com"]
[Date "2021.03.02"]
[Round "5"]
[White "miredenizdogan"]
[Black "Matensien"]
[Result "0-1"]
[WhiteElo "2285"]
[BlackElo "2499"]
[TimeControl "180+1"]
[EndTime "10:55:24 PST"]
[Termination "Matensien won on time"]

1. d4 Nf6 2. c4 g6 3. Nc3 Bg7 4. e4 d6 5. Be2 O-O 6. Be3 c5 7.
d5 a6 8. a4 e6 9. g4 exd5 10.
cxd5 Re8 11. f3 h5 12. h3 Nbd7 13. Qd2 b6 14. g5 Nh7 15. h4 Ne5 16. Nh3 Qc7 17.
Nf2 Rb8 18. f4 Ng4 19. Nxg4 Bxg4 20. Bxg4 hxg4 21. Qg2 b5 22. axb5 axb5 23. h5 b4 24. Nd1 c4 25. Ra7 Rb7 26. Rxb7 Qxb7 27. Nf2 gxh5 28.
Rxh5 c3 29. b3 c2 30. Nxg4 Bc3+ 31. Kf2 Bd4 32. Nf6+ Kf8 33. Nxh7+ Ke7 34. Qf1 Qb6 35.
Rh3 Rc8 36. Qc1 Bxe3+ 37. Rxe3 Qd4 38. f5 Qd1 39. f6+ Kd7 40. Re1 Qh5 41. e5 dxe5 42. Rxe5 Qh2+ 43. Kf3 Qxe5 44. Nf8+ Ke8 45. Qxc2 Rxc2 0-1

[Event "*** Titled Tuesday Blitz"]
[Site "Chess.com"]
[Date "2021.03.02"]
[Round "5"]
[White "chessablanca"]
[Black "DenLaz"]
[Result "0-1"]
[WhiteElo "2599"]
[BlackElo "2831"]
[TimeControl "180+1"]
[EndTime "10:55:25 PST"]
[Termination "DenLaz won by resignation"]

1. Nf3 d5 2. c4 d4 3. e3 c5 4. b4 dxe3 5. fxe3 cxb4 6. d4 Nf6 7.
Bd3 g6 8. Bb2 Bg7 9. Qa4+ Nbd7 10.
Qxb4 O-O 11. O-O e5 12. dxe5 Ng4 13. e6 fxe6 14. Bxg7 Kxg7 15. Re1 Nde5 16. Nxe5 Nxe5 17. Be2 Qg5 18. Qc3 Bd7 19. Nd2 Bc6 20. e4 Rad8 21. Nf3 Rxf3 22. Bxf3 Rd3 23. Qb2 Rxf3 24. Rad1 Rf8 25. Kh1 Kg8 26. Rf1 Nf7 27. Rde1 e5 28. Qf2 a6 29. Qf3 Qe7 30. Rd1 Ng5 31. Qb3 Nxe4 32. Qb6 Nf6 33. Rde1 e4 34. h3 Nh5 35. Qe3 Re8 36. g4 Ng7 37. Kg1 Qh4 38. Kh2 Ne6 39. Re2 Ng5 40. Rf4 Nf3+ 41. Kg2 Rd8 42. Qc5 Ng5 43.
Qe3 Rd3 44. Qg1 Qg3+ 0-1